 Dungeon Crawl Stone Soup version 0.29.1-13-g9f3cf754e1 (webtiles) character file.

Game seed: 9848272938553882181

854 sankara the Chiller (level 7, -3/52 HPs)
             Began as a Yellow Draconian Ice Elementalist on Feb 10, 2023.
             Killed by divine providence
             ... invoked by an orc priest
              (8 damage)
             ... on level 6 of the Dungeon.
             The game lasted 00:25:53 (6991 turns).

sankara the Chiller (DrIE)                          Turns: 6991, Time: 00:25:54

Health: -3/52      AC: 12    Str: 10    XL:     7   Next: 70%
Magic:  13/21      EV: 13    Int: 18    God:
Gold:   258        SH:  0    Dex: 11    Spells: 2/13 levels left

rFire   . . .      SeeInvis .   b - +1 dagger (speed)
rCold   . . .      Faith    .   (no shield)
rNeg    . . .      Spirit   .   (body armour unavailable)
rPois   .          Reflect  .   (helmet restricted)
rElec   .          Harm     .   r - +1 cloak
rCorr   +          Rampage  .   (no gloves)
Will    .....                   (no boots)
Stlth   ++........              (no amulet)
HPRegen 0.17/turn               j - ring of magical power
MPRegen 0.17/turn               w - +4 ring of protection

@: no status effects
A: spit acid, AC +6, unfitting armour, cold-blooded, acid resistance
a: Breathe Acid


You were on level 6 of the Dungeon.
You visited 2 branches of the dungeon, and saw 7 of its levels.

You collected 258 gold pieces.

Inventory:

Hand Weapons
 a - a +1 dagger of venom
 b - a +1 dagger of speed (weapon)
Missiles
 y - 3 atropa-tipped darts (quivered)
Armour
 l - a +0 kite shield
 r - a +1 cloak (worn)
Magical Staves
 x - a staff of earth
Jewellery
 j - a ring of magical power (left hand)
 w - a +4 ring of protection (right hand)
Wands
 C - a wand of digging (3)
Scrolls
 c - 9 scrolls of identify
 d - a scroll of teleportation {unknown}
 f - a scroll of vulnerability
 g - a scroll of enchant armour
 h - a scroll of blinking
 i - 2 scrolls of enchant weapon {unknown}
 o - a scroll of summoning {unknown}
 p - a scroll of fear {unknown}
 s - a scroll of torment {unknown}
 t - a scroll of fog {unknown}
 v - 3 scrolls of magic mapping
Potions
 e - a potion of magic
 k - 2 potions of invisibility
 m - a potion of ambrosia {unknown}
 n - 3 potions of curing {unknown}
 q - a potion of mutation {unknown}
 u - a potion of flight {unknown}
 z - a potion of lignification {unknown}
 A - a potion of brilliance {unknown}
 B - a potion of might {unknown}
 D - a potion of berserk rage {unknown}


   Skills:
 - Level 1.0 Fighting
 + Level 3.8 Dodging
 - Level 3.3 Stealth
 + Level 3.9 Spellcasting
 * Level 3.2 Conjurations
 + Level 6.3 Ice Magic


You had 2 spell levels left.
You knew the following spells:

 Your Spells              Type           Power      Damage    Failure   Level
a - Freeze                Ice            100%       1d11      1%          1
b - Frozen Ramparts       Ice            52%        1d8       3%          3
c - Ozocubu's Armour      Ice            26%        N/A       3%          3
d - Hailstorm             Conj/Ice       20%        3d6       21%         4

Your spell library contained the following spells:

 Spells                   Type           Power      Damage    Failure   Level


Dungeon Overview and Level Annotations

Branches:
Dungeon (6/15)             Temple (1/1) D:6

Altars:
Ashenzari
Elyvilon
Fedhas
Hepliaklqana
Kikubaaqudgha
Okawaru
Qazlal
Sif Muna
Trog
Vehumet
Wu Jian
Yredelemnul
Zin

Annotations:
D:5 exclusion: phantom, Menkaure


Innate Abilities, Weirdness & Mutations

You can spit globs of acid.
Your golden yellow scales are hard. (AC +6)
You cannot fit into any form of body armour.
You are cold-blooded and may be slowed by cold attacks.
You are resistant to acid. (rCorr)


Message History

Casting: Frozen Ramparts (dangerous; 3% risk of failure)
Press: ? - help, Dir - look around, f - activate The walls around you are covered in ice.
The orc warrior seems less confused.
The wall freezes the orc warrior.
Unknown command.
Casting: Frozen Ramparts (dangerous; 3% risk of failure)
Confirm with . or Enter, or press ? or * to list all spells.
A film of ice covers your body!
The wall freezes the orc warrior but does no damage.
The orc warrior hits you from afar with a +0 trident!
* * * LOW HITPOINT WARNING * * *
Unknown command.
The wall freezes the orc warrior but does no damage.
The orc warrior closely misses you.
The orc warrior is no longer blind.
The wall freezes the orc warrior but does no damage.
The orc warrior barely misses you.
The wall freezes the orc warrior!
The orc warrior hits you from afar with a +0 trident.
* * * LOW HITPOINT WARNING * * *
The wall freezes the orc warrior.
The orc warrior hits you from afar with a +0 trident!
* * * LOW HITPOINT WARNING * * *
Casting: Ozocubu's Armour (dangerous; 3% risk of failure)
Confirm with . or Enter, or press ? or * to list all spells.
The spell is quite dangerous to miscast (21% risk of failure)!
Continue anyway?
Casting: Hailstorm (quite dangerous; 21% risk of failure)
Press: ? - help, Dir - look around, f - activate A cannonade of hail descends around you!
The hail pelts the orc warrior but does no damage.
The orc warrior is heavily wounded.
The frozen ramparts melt away.
The orc warrior closely misses you.
Unknown command.
Your icy armour will break if you move.
Continue?
Your icy armour cracks and falls away as you move.
You see here a water moccasin skeleton.
The orc shouts!
The orc priest invokes the aid of Beogh against you.
Beogh smites you!
You die...

...#.#...#.#.##.########(##
#....#...#.#.##÷# #.#
.........#.#.##.##### #.#
.................#..####.#
..####..##.#.....#.....#o#
.............#...o...#.#.#
..##...#........oo.....#.#
.......#.#.#####.##.##.#.#
...#.#.#.#......@...##.#.#
...#+#.#.#.#####.#####.#.##
##.........~......# #....#
~##....~~....~..#.# ######
~##..~...~~~~.....## *,*
≈≈≈≈≈~~~~~~~≈≈~~≈≈≈##*,*
#≈≈≈≈~~~~~~~~~.~≈≈≈≈≈*,*
###.~......~....~.####,*
,#......~.~..........#,*


You could see an orc warrior, an orc priest and an orc.

Vanquished Creatures
  A water moccasin (D:6)
  A sky beast (D:6)
  A howler monkey (D:4)
  3 hounds
  2 jellies
  3 orc priests
  4 iguanas
  3 orc wizards
  Natasha (D:4)
  5 adders
  3 gnolls (D:2)
  2 worms
  2 dart slugs (D:3)
  11 orcs
  5 ball pythons
  6 endoplasms
  3 giant cockroaches
  9 goblins
  3 hobgoblins
  3 jackals (D:1)
  6 quokkas
  9 bats
  A frilled lizard (D:1)
  15 kobolds
  A rat (D:2)
103 creatures vanquished.

Vanquished Creatures (others)
  A plant (D:6)
1 creature vanquished.

Grand Total: 104 creatures vanquished

Notes
Turn   | Place    | Note
-------+----------+-------------------------------------------
     0 | D:1      | sankara the Draconian Ice Elementalist began the quest for
                  | the Orb.
     0 | D:1      | Reached XP level 1. HP: 14/14 MP: 3/3
   358 | D:1      | Reached XP level 2. HP: 20/20 MP: 5/5
  1378 | D:2      | Reached XP level 3. HP: 23/26 MP: 6/6
  1699 | D:2      | Learned a level 3 spell: Frozen Ramparts
  2248 | D:2      | Reached XP level 4. HP: 34/34 MP: 7/7
  2252 | D:2      | Learned a level 3 spell: Ozocubu's Armour
  2862 | D:2      | Reached skill level 1 in Fighting
  3301 | D:3      | Found a faded altar of an unknown god.
  3486 | D:3      | Reached skill level 5 in Ice Magic
  3486 | D:3      | Reached XP level 5. HP: 38/40 MP: 8/9
  4353 | D:4      | Found a shimmering blue altar of Sif Muna.
  4592 | D:4      | Noticed Natasha
  4601 | D:4      | Killed Natasha
  4602 | D:4      | Reached XP level 6. HP: 35/47 MP: 10/10
  5229 | D:5      | Entered Level 5 of the Dungeon
  5298 | D:5      | Learned a level 4 spell: Hailstorm
  5305 | D:5      | Noticed Menkaure
  5494 | D:5      | Reached skill level 1 in Conjurations
  5707 | D:5      | Reached skill level 6 in Ice Magic
  5902 | D:5      | Your scales start taking on a golden yellow colour.
  5902 | D:5      | Reached XP level 7. HP: 48/52 MP: 12/12
  5902 | D:5      | Gained mutation: You are resistant to acid. (rCorr) [Yellow
                  | Draconian growth]
  6552 | D:6      | Found a staircase to the Ecumenical Temple.
  6560 | Temple   | Entered the Ecumenical Temple
  6991 | D:6      | Killed from afar by an orc priest

Illustrated notes

Levels and vault maps discovered:
D:1:      dpeg_arrival_line_fractal, layout_loops_cross
D:2:      layout_basic, minmay_goblin_kobold_house
D:3:      layout_basic, basic_ecumenical_altar, st_stairs_8, kennysheep_path_1
D:4:      minmay_spotlight, layout_loops_ring, nicolae_sif_muna_little_library,
          serial_rivers, chequers_serial_rivers_small_b,
          chequers_serial_rivers_small_b, chequers_serial_rivers_small_a,
          chequers_serial_rivers_micro_e, uniq_natasha
D:5:      layout_basic, chequers_arboretum, minmay_misc_feat_more_columns,
          amcnicky_mini_corridor_feature, uniq_menkaure
D:6:      layout_basic, xom_teletrap_fun, nicolae_overflow_crystal_walls,
          minmay_temple_entry_overgrown, serial_rivers,
          chequers_serial_rivers_small_a, chequers_serial_rivers_micro_d,
          chequers_serial_rivers_small_3, chequers_serial_rivers_micro_e,
          chequers_serial_rivers_large_b, chequers_serial_rivers_micro_b,
          minmay_misc_feat_iff
Temple:   hellmonk_temple_forest_ring

Skill      XL: |  1  2  3  4  5  6  7 |
---------------+----------------------+-----
Stealth        | 2 3 |  3.3
Dodging        | 2 3 |  3.8
Fighting       | 1 |  1.0
Ice Magic      | 5 6 |  6.3
Spellcasting   | 3 |  3.9
Conjurations   | 1 3 |  3.2

Action                   |  1- 3 |  4- 6 |  7- 9 || total
-------------------------+-------+-------+-------++-------
Melee: Dagger            |    10 |    70 |    43 ||   123
       Tailslap          |     3 |    11 |     6 ||    20
       Punch             |       |       |     1 ||     1
Throw: Dart              |       |       |     3 ||     3
 Cast: Freeze            |    59 |    18 |       ||    77
       Frozen Ramparts   |     4 |    30 |     9 ||    43
       Ozocubu's Armour  |       |    13 |     7 ||    20
       Hailstorm         |       |       |     1 ||     1
  Use: Scroll            |       |       |     5 ||     5
 Stab: Sleeping          |       |     1 |       ||     1
Armor: Skin              |    17 |    24 |    16 ||    57
Dodge: Dodged            |    44 |    38 |    20 ||   102
